 Dungeon Crawl Stone Soup version 0.18-a0-1782-gb76a692 (webtiles) character file.

1390 Moloch the Spear-Bearer (level 8, -5/63 HPs)
             Began as a Centaur Chaos Knight on Apr 17, 2016.
             Killed from afar by an orc wizard (8 damage)
             ... with a puff of frost
             ... on level 6 of the Dungeon.
             The game lasted 00:16:54 (5393 turns).

Moloch the Spear-Bearer (Centaur Chaos Knight)      Turns: 5393, Time: 00:16:55

Health: -5/63      AC:  8    Str: 18    XL:     8   Next: 40%
Magic:  8/8        EV:  9    Int: 11    God:    Xom [......]
Gold:   254        SH:  0    Dex: 11    Spells: 0 memorised, 7 levels left

rFire  + . .     SeeInvis .     a - +0 spear (chaos)
rCold  . . .     Gourm    .     b - +2 leather armour
rNeg   . . .     Faith    .     (no shield)
rPois  .         Spirit   .     y - +0 helmet
rElec  .         Dismiss  .     v - +0 cloak (curse)
rCorr  .         Reflect  .     (no gloves)
SustAt .         Harm     .     (no barding)
MR     .....                    (no amulet)
Stlth  +.........               q - ring of protection from fire
                                C - +3 ring of dexterity

@: flying, very quick, not resistant to hostile enchantments, very unstealthy
A: hooves 3, deformed body, speed 2, tough skin 3
a: Renounce Religion


You were on level 6 of the Dungeon.
You worshipped Xom.
You were a very special plaything of Xom.
You were very hungry.

You visited 1 branch of the dungeon, and saw 6 of its levels.

You collected 254 gold pieces.

Inventory:

Hand Weapons
 a - a +0 spear of chaos (weapon)
 z - the +6 shortbow of Cenai {velocity, rN++ MP-9 Str+6}
   (You found it on level 5 of the Dungeon)

   Any arrow fired from it inflicts extra damage.
   It affects your strength (+6).
   It greatly protects you from negative energy.
   It affects your magic capacity (-9).
Missiles
 d - 18 poisoned needles
 s - 8 tomahawks (quivered)
 B - 5 tomahawks of returning
 D - 32 arrows
Armour
 b - a +2 leather armour (worn)
 v - a cursed +0 cloak (worn)
 y - a +0 helmet (worn)
Jewellery
 i - an uncursed ring of resist corrosion
 q - a ring of protection from fire (right hand)
 r - an uncursed ring of protection from fire
 C - a +3 ring of dexterity (left hand)
Wands
 o - a wand of random effects (22/48)
 A - a wand of lightning (9/15)
Scrolls
 e - 3 scrolls of magic mapping {unknown}
 g - 2 scrolls of remove curse
 k - 2 scrolls of amnesia
 m - a scroll of enchant weapon {unknown}
 t - 3 scrolls of enchant armour {unknown}
 x - 2 scrolls of teleportation {unknown}
Potions
 h - a potion of brilliance {unknown}
 j - 3 potions of curing
 l - a potion of mutation {unknown}
 p - a potion of agility
 u - a potion of resistance
 w - a potion of lignification
Comestibles
 c - 3 bread rations
 f - 4 meat rations


   Skills:
 - Level 3.0 Fighting
 + Level 9.9 Polearms
 - Level 1.3 Armour
 - Level 0.6 Dodging


You had 7 spell levels left.
You didn't know any spells.

Dungeon Overview and Level Annotations

Branches:
Dungeon (6/15)
 Temple: D:4-7

Altars:
Dithmenos
Fedhas
Kikubaaqudgha
Makhleb
Okawaru
Vehumet
Xom

Shops:
D:4 (


Innate Abilities, Weirdness & Mutations

You have hooves in place of feet.
Armour fits poorly on your strangely shaped body.
You cover ground very quickly.
You have extremely tough skin (AC +3).


Message History

You are engulfed in flames.
You resist.
* * * LOW HITPOINT WARNING * * *
The fire bat closely misses you.
The orc wizard mumbles some strange words.
The orc wizard seems to speed up.
Drink which item? (? for menu, Esc to quit)
You feel better.
The fire bat bites you but does no damage.
The centaur zombie hits you.
* * * LOW HITPOINT WARNING * * *
Drink which item? (? for menu, Esc to quit)
You feel very buoyant.
You fly up into the air.
The fire bat bites you.
* * * LOW HITPOINT WARNING * * *
You are engulfed in flames.
You resist.
* * * LOW HITPOINT WARNING * * *
The orc wizard gestures at you while chanting.
The puff of frost hits you!
You die...
Xom giggles madly!

###...... #.#.#.#
######...#####.#.# #
...........>.....#
....#....#####.###########
#..............#.........#
#.#............#......g#.#
#.#............#.h.....#.#
#.#............#.Z.o...#.#
#.#....##.####.#@.o....#b#
#.#....##..#
#≈≈≈b§o...#h########
.......###.#
#§###≈....#.#.......
#.#..#.# #.###≈#
#≈....#gg...# #.####
###..##≈#+#≈....#.....#
#.#
#......≈≈.≈≈#.###.(...#
#.#
#.##.##.#..##!#.......#
#.# #.
#.##.##.##)#.#.....# #.# #
#..#.##.##.#.#.....#


You could see a fire bat, a hound, 2 orc wizards, a gnoll, an orc and a centaur
zombie.

Vanquished Creatures
  Eustachio (D:5)
  Edmund (D:5)
  2 ice beasts (D:5)
  2 phantoms
  A howler monkey (D:4)
  A crimson imp (D:6)
  A giant frog zombie (D:6)
  A hound (D:4)
  An orc priest (D:4)
  A jelly (D:5)
  2 orc wizards (D:4)
  5 worker ants
  2 worker ant zombies
  Robin (D:4)
  2 gnolls (D:6)
  6 adders
  An ooze (D:6)
  An adder zombie (D:5)
  An adder skeleton (D:4)
  2 worms (D:2)
  5 dart slugs
  2 giant geckos
  9 orcs
  7 bats
  6 giant cockroaches
  15 goblins
  13 hobgoblins
  3 jackals (D:1)
  8 kobolds
  2 quokkas
  3 ball pythons
  4 giant newts
  A jackal skeleton (D:4)
  9 rats
122 creatures vanquished.

Vanquished Creatures (collateral kills)
  Grinder (D:4)
1 creature vanquished.

Grand Total: 123 creatures vanquished

Notes
Turn   | Place    | Note
--------------------------------------------------------------
     0 | D:1      | Moloch the Centaur Chaos Knight began the quest for the Orb.
     0 | D:1      | Reached XP level 1. HP: 19/19 MP: 1/1
    38 | D:1      | XOM: harmless Air miscast
    47 | D:1      | Reached skill level 3 in Polearms
    88 | D:1      | XOM: divination: detect creatures
   212 | D:1      | Reached XP level 2. HP: 25/26 MP: 2/2
   252 | D:1      | XOM: silly message
   261 | D:1      | XOM: cast spell 'Summon Butterflies'
   708 | D:1      | Reached XP level 3. HP: 30/31 MP: 3/3
   759 | D:1      | XOM: divination: detect items
   857 | D:2      | Found a shadowy altar of Dithmenos.
   877 | D:2      | Reached skill level 4 in Polearms
   984 | D:2      | Found a burning altar of Makhleb.
   989 | D:2      | Found a radiant altar of Vehumet.
   990 | D:2      | Found a blossoming altar of Fedhas.
  1029 | D:2      | XOM: enchant monster (good)
  1461 | D:3      | XOM: harmless Trmt miscast
  1604 | D:3      | Reached XP level 4. HP: 38/38 MP: 4/4
  1609 | D:3      | Found an iron altar of Okawaru.
  1878 | D:3      | Reached skill level 5 in Polearms
  2035 | D:2      | XOM: vitrification
  2041 | D:2      | XOM: colour smoke trail
  2347 | D:3      | XOM: scenery: create altars
  2411 | D:3      | XOM: smoke on damage
  2489 | D:4      | Reached XP level 5. HP: 39/45 MP: 5/5
  2572 | D:4      | Found Zutz's Weapon Boutique.
  2652 | D:4      | Noticed Robin
  2669 | D:4      | XOM: confuse monster(s)
  2694 | D:4      | XOM: noise
  2711 | D:4      | Killed Robin
  2877 | D:4      | XOM: scenery: 1 doors open, 2 doors close
  2924 | D:4      | Noticed Grinder
  2924 | D:4      | Paralysed by Grinder for 2 turns
  2939 | D:4      | Paralysed by Grinder for 6 turns
  2944 | D:4      | XOM: summons friendly crimson imp
  2945 | D:4      | XOM: fog
  2949 | D:4      | XOM: swap monsters
  2970 | D:4      | Killed Grinder
  2970 | D:4      | Reached skill level 6 in Polearms
  2970 | D:4      | Reached XP level 6. HP: 38/51 MP: 6/6
  3100 | D:4      | XOM: 1-stop teleportation journey
  3108 | D:4      | XOM: harmless Pois miscast
  3111 | D:4      | Reached skill level 7 in Polearms
  3366 | D:4      | Reached XP level 7. HP: 55/57 MP: 7/7
  3417 | D:5      | Entered Level 5 of the Dungeon
  3434 | D:5      | XOM: mild Tloc miscast
  3577 | D:4      | XOM: mild Pois miscast
  3663 | D:5      | XOM: cast spell 'Olgreb's Toxic Radiance'
  3669 | D:5      | XOM: divination: detect creatures
  3677 | D:5      | Reached skill level 8 in Polearms
  3689 | D:5      | Noticed Eustachio
  3689 | D:5      | XOM: harmless Hex miscast
  3745 | D:4      | XOM: colour smoke trail
  3902 | D:5      | XOM: harmless Conj miscast
  3913 | D:5      | XOM: potion effect (might)
  4042 | D:5      | XOM: harmless Air miscast
  4510 | D:5      | Noticed Edmund
  4515 | D:5      | XOM: enchant monster (bad)
  4530 | D:5      | XOM: mild Tloc miscast
  4553 | D:5      | Got a slimy shortbow
  4554 | D:5      | Identified the +6 shortbow of Cenai {velocity, rN++ MP-9 Str+6} (You found it on level 5 of the Dungeon)
  4562 | D:5      | Killed Edmund
  4605 | D:5      | XOM: summons 5 friendly demons
  4613 | D:5      | Reached skill level 9 in Polearms
  4613 | D:5      | Reached XP level 8. HP: 63/63 MP: 4/8
  4738 | D:5      | XOM: 1-stop teleportation journey
  4836 | D:5      | XOM: swap monsters
  4845 | D:5      | Killed Eustachio
  4944 | D:5      | Found an ancient bone altar of Kikubaaqudgha.
  5040 | D:6      | XOM: scenery: create altars
  5049 | D:6      | XOM: swap monsters
  5063 | D:6      | XOM: swap monsters
  5319 | D:6      | XOM: divination: detect items
  5350 | D:6      | XOM: noise
  5353 | D:6      | XOM: mild Tloc miscast
  5362 | D:6      | XOM: polymorph orc warrior -> fire bat
  5385 | D:6      | XOM: noise
  5393 | D:6      | HP: 3/63 [fire bat (4)]
  5393 | D:6      | Killed from afar by an orc wizard

Vault maps used:
D:1:      minmay_arrival_diagonal_passages
D:2:      grunt_temple_overflow_open, nicolae_dithmenos_through_a_glass_darkly
D:3:      old_standard_altar, first_bread
D:4:      serial_shops, shop, uniq_robin, uniq_grinder
D:5:      lemuel_coloured_pillars_altar, uniq_eustachio, uniq_edmund
D:6:      serial_shops, kennysheep_mini_moat, uniq_sigmund

Skill      XL: |  1  2  3  4  5  6  7 |
---------------+----------------------+-----
Polearms       | 3 4 5 6 7 9 |  9.9
Fighting       | |  3.0
Armour         | |  1.3
Dodging        | |  0.6

Action                   |  1- 3 |  4- 6 |  7- 9 || total
-------------------------+-------+-------+-------++-------
Melee: Spear             |   165 |   228 |   207 ||   600
       Kick              |    20 |    28 |    25 ||    73
Evoke: Wand              |       |       |     1 ||     1
  Use: Scroll            |     5 |       |     5 ||    10
       Potion            |       |       |     2 ||     2
 Stab: Confused          |     2 |     5 |     2 ||     9
       Paralysed         |       |       |     3 ||     3
  Eat: Chunk             |     1 |     5 |     1 ||     7
       Pizza             |       |       |     1 ||     1
       Royal jelly       |       |       |     1 ||     1
Armor: Leather armour    |    35 |    67 |    49 ||   151
Dodge: Dodged            |    40 |    49 |    51 ||   140
